 Dungeon Crawl Stone Soup version 0.14-a0-1097-gc7db7fc (webtiles) character file.

377496 Ololoev the Pyromancer (level 21, 0/112 HPs)
             Began as a Deep Elf Conjurer on Nov 25, 2013.
             Was the Champion of Vehumet.
             Slain by a spriggan enchanter
             ... wielding a +0,+1 dagger
              (29 damage)
             ... on Level 5 of the Enchanted Forest on Nov 29, 2013.
             The game lasted 10:21:14 (53550 turns).

Ololoev the Pyromancer (Deep Elf Conjurer)         Turns: 53550, Time: 10:21:14

HP   0/112       AC 15     Str 12      XL: 21   Next: 78%
MP   4/46        EV 21     Int 30      God: Vehumet [******]
Gold 2165        SH 12     Dex 15      Spells: 15 memorised,  4 levels left

rFire  . . .     SeeInvis +     J - staff of conjuration
rCold  + + .     Clarity  .     s - +2 robe {rC+}
rNeg   . . .     Conserve +     d - +2 buckler
rPois  .         rCorr    .     r - +0 wizard hat {Int+3}
rElec  .         rRot     .     h - +5 cloak "Tonepop" {rC+ Str+3 Acc+1 Stlth++}
SustAb . .       Spirit   .     G - +2 pair of gauntlets
rMut   .         Warding  .     b - +0 pair of boots {Stlth+}
Saprov . . .     Stasis   .     T - amulet of conservation
                                R - ring of see invisible
                                y - +3 ring of evasion

@: repel missiles, very slightly contaminated, delayed fireball, drained,
somewhat resistant to hostile enchantments, very stealthy
A: molten scales 1, sense surroundings 1
a: Renounce Religion, Release Delayed Fireball
}: 2/15 runes: decaying, serpentine


You were on level 5 of the Enchanted Forest.
You worshipped Vehumet.
Vehumet was exalted by your worship.
You were not hungry.

You visited 10 branches of the dungeon, and saw 52 of its levels.
You also visited: Sewer and Ice Cave.

You collected 4278 gold pieces.
You spent 2113 gold pieces at shops.

Inventory:

Armour
 b - a +0 pair of boots of stealth (worn)
 d - a +2 buckler (worn)
 h - the +5 cloak "Tonepop" (worn) {rC+ Str+3 Acc+1 Stlth++}
   (You bought it in a shop on level 2 of the Snake Pit)

   It affects your strength (+3).
   It affects your accuracy (+1).
   It protects you from cold.
   It makes you much more stealthy.
 r - a +0 wizard hat of intelligence (worn)
 s - a +2 robe of cold resistance (worn)
 G - a +2 pair of gauntlets (worn)
Magical devices
 t - a wand of disintegration (14)
 w - a wand of digging (3)
 B - a wand of teleportation (6)
 H - a wand of disintegration (14)
Comestibles
 a - 2 sausages
 i - 3 oranges
 I - 3 bread rations
Scrolls
 c - 2 scrolls of immolation
 l - 8 scrolls of remove curse
 m - a scroll of enchant armour
 o - 3 scrolls of fog
 q - 4 scrolls of teleportation
 C - 4 scrolls of recharging
 D - 14 scrolls of identify
 E - a scroll of blinking
 M - a scroll of magic mapping
Jewellery
 k - an uncursed ring of sustenance
 y - a +3 ring of evasion (left hand)
 K - an uncursed amulet of resist mutation {unknown}
 R - a ring of see invisible (right hand)
 T - an amulet of conservation (around neck)
Potions
 e - a potion of invisibility
 f - 2 potions of resistance
 j - 7 potions of curing
 n - 2 potions of speed
 p - 3 potions of restore abilities
 u - 2 potions of heal wounds
 x - 3 potions of brilliance
 Y - a potion of porridge
Books
 g - a book of the Earth

   Spells                             Type                      Level
   *Dig                               Earth                        4
   Leda's Liquefaction                Hexes/Earth                  4
   Bolt of Magma                      Conjuration/Fire/Earth       5
   Statue Form                        Transmutation/Earth          6
   Iron Shot                          Conjuration/Earth            6
   Shatter                            Earth                        9
 v - a book of the Earth

   Spells                             Type                      Level
   *Dig                               Earth                        4
   Leda's Liquefaction                Hexes/Earth                  4
   Bolt of Magma                      Conjuration/Fire/Earth       5
   Statue Form                        Transmutation/Earth          6
   Iron Shot                          Conjuration/Earth            6
   Shatter                            Earth                        9
Magical staves
 J - an uncursed staff of conjuration (weapon)
 L - an uncursed staff of poison


   Skills:
 - Level 7.0(6.7) Fighting
 - Level 10.1(9.7) Dodging
 - Level 2.4(2.1) Stealth
 - Level 3.2(2.9) Shields
 + Level 22.6(22.1) Spellcasting
 + Level 22.9(22.4) Conjurations
 - Level 10.0(9.6) Charms
 - Level 3.0(2.7) Necromancy
 + Level 23.6(23.1) Fire Magic


You had 4 spell levels left.
You knew the following spells:

 Your Spells              Type           Power        Failure   Level  Hunger
a - Magic Dart            Conj           ####         0%          1    None
b - Orb of Destruction    Conj           ########..   1%          7    ##.....
c - Iskenderun's Battles  Conj/Chrm      ########     0%          4    None
d - Iskenderun's Mystic   Conj           ########     0%          4    None
e - Sublimation of Blood  Necr           ######....   1%          2    None
f - Fireball              Conj/Fire      ########..   0%          5    None
g - Haste                 Chrm           ######..     3%          6    None
h - Repel Missiles        Chrm/Air       ######....   1%          2    None
i - Swiftness             Chrm/Air       ######....   1%          2    None
j - Delayed Fireball      Conj/Fire      N/A          1%          7    ##.....
k - Bolt of Fire          Conj/Fire      ########..   1%          6    None
l - Regeneration          Chrm/Necr      ######....   1%          3    None
m - Animate Dead          Necr           N/A          3%          4    None
n - Fire Storm            Conj/Fire      ########..   3%          9    ######.
o - Dig                   Erth           ####....     12%         4    None


Dungeon Overview and Level Annotations

Branches:
Dungeon (16/16)            Temple (1/1) D:4             Orc (4/4) D:9
    Elf (3/3) Orc:3          Lair (8/8) D:9           Swamp (5/5) Lair:5
  Snake (5/5) Lair:3       Vaults (4/5) D:15          Blade (0/1) Vaults:4
   Tomb (0/3) Forest:2     Forest (5/5) Vaults:3     Depths (1/6) D:16
  Slime: Lair:6-8

Altars:
Ashenzari
Cheibriados
Elyvilon
Fedhas
Kikubaaqudgha
Makhleb
Nemelex Xobeh
Okawaru
Sif Muna
Trog
Vehumet
Xom
Yredelemnul
Zin
the Shining One
Beogh

Shops:
D:9 (!=%?   D:14 (   Orc:4 ([*=   Elf:1 /   Snake:2 [   Vaults:1 !   Vaults:2 *

Portals:
Hell: Depths:1

Annotations:
Snake:5 Frances


Innate Abilities, Weirdness & Mutations

You are partially covered in molten scales (AC +1).
You passively map a small area around you.


Message History

The spriggan enchanter flickers and vanishes for a moment.
The redback completely misses you.
The spriggan enchanter hits you with a dagger!
You wake up.
* * * LOW HITPOINT WARNING * * *
The redback bites you but does no damage.
The spriggan enchanter gestures at you while chanting.
You resist.
You block the spriggan enchanter's attack.
The redback bites you but does no damage.
The spriggan enchanter casts a spell at you.
You fall asleep.
You wake up.
The spriggan enchanter points at you and mumbles some strange words.
You resist.
The spriggan enchanter points at you and mumbles some strange words.
You fall asleep.
The redback barely misses you. The redback closely misses you.
The spriggan enchanter hits you with a dagger!
You wake up.
You die...

♣≈♣♣♣♣..♣♣♣♣.♣♣ , ,
♣.≈.♣♣♣...♣♣♣.♣♣ , ,
...≈.♣♣.......♣♣♣
...≈≈≈.........♣♣≈≈
,≈...≈≈≈≈≈.......≈...
,...≈≈≈≈≈≈≈.....≈..... *
≈ ♣≈≈≈≈≈≈≈≈...*.≈......
....≈.≈......≈......♣♣*
, ♣........i@..≈....♣.♣♣
,, ,
..........is.≈....♣♣.♣ ,
♣...<...)...≈...♣♣...♣♣
...........≈.♣♣♣♣♣...♣♣
,
...........≈.♣♣♣♣♣..♣♣..
♣.≈........≈.♣♣♣ .♣♣*♣.
* ♣.≈≈.......≈.♣♣♣ , ♣ ,
, ..≈....♣..%♣♣..♣♣ , ,
...♣♣.♣♣..≈...♣.♣


You could see 2 spriggan enchanters and a redback.

Vanquished Creatures
  Saint Roka (Vaults:2)
  Boris (Vaults:4)
  Lamia (Snake:5)
  Mara (Vaults:2)
  Jory (Vaults:4)
  Xtahua (Vaults:2)
  Frederick (Vaults:2)
  Nikola (Vaults:2)
  2 deep elf blademasters (Elf:3)
  A storm dragon (Vaults:4)
  A thorn hunter (Forest:2)
  A lich (Vaults:3)
  Agnes (Snake:2)
  Kirke (Depths:1)
  2 sphinxes (Forest:2)
  Roxanne (Snake:3)
  2 orc warlords
  2 tengu reavers
  6 deep elf sorcerers
  3 fire giants
  10 vault wardens
  Aizul (Vaults:4)
  5 stone giants
  Jorgrun (Swamp:3)
  A spriggan defender (Forest:5)
  A treant (Forest:3)
  3 greater nagas (Snake:5)
  2 deep elf demonologists
  An apis (Forest:3)
  5 deep elf annihilators
  Azrael (Snake:1)
  6 satyrs
  6 dire elephants
  An elemental wellspring (Forest:3)
  2 spriggan air magi (Forest:1)
  Snorg (Swamp:3)
  2 ettins
  A mummy priest (Forest:2)
  7 ironheart preservers
  2 fire dragons
  19 vault guards
  31 hydras
  A deep elf high priest (Elf:3)
  Fannar (Lair:3)
  9 yaktaur captains
  A dancing weapon (Vaults:4)
  Josephine (Orc:2)
  A great orb of eyes (Vaults:4)
  Erica (Lair:4)
  3 deep troll earth magi (Vaults:2)
  The ghost of motorbit the Eclecticist, a powerful DECj of Vehumet (Lair:4)
  8 anacondas
  4 ogre magi
  3 alligators
  A deep troll shaman (Lair:8)
  3 spriggan enchanters (Forest:3)
  18 ravenous item mimics (Snake:5)
  7 death yaks (Lair:8)
  A spriggan berserker (Forest:2)
  A sun demon (Depths:1)
  4 very ugly things
  14 naga warriors
  5 orc high priests
  The ghost of wojtek the Fighter, a powerful DrTm of Makhleb (IceCv)
  14 deep elf knights
  A soul eater (Depths:1)
  3 fire crabs
  Nergalle (Orc:3)
  11 centaur warriors
  5 dryads
  4 skeletal warriors (D:16)
  2 catoblepae
  2 water nymphs (Forest:1)
  3 iron trolls
  3 ice devils (IceCv)
  A storm dragon skeleton (Vaults:1)
  A flayed ghost (Vaults:3)
  15 sea snakes
  16 orc knights
  A harpy (Vaults:2)
  22 fauns
  2 unseen horrors
  2 ice statues (IceCv)
  13 swamp dragons
  5 lindwurms
  9 deep trolls
  Erolcha (Orc:3)
  3 wizards
  5 hill giants
  8 ironbrand convokers
  12 orc sorcerers
  2 fire giant zombies
  An oklob plant (Forest:3)
  4 wolf spiders
  2 giant amoebae
  10 deep elf conjurers
  3 frost giant zombies
  3 cyclopes
  3 necromancers
  4 stone giant zombies
  2 red wasps
  9 stone giant skeletons
  2 frost giant skeletons
  5 griffons
  7 guardian serpents
  Maurice (Orc:1)
  3 spiny worms (Vaults:4)
  48 black mambas
  8 vault sentinels
  3 deep elf summoners
  4 elephants (Lair:8)
  2 spirit wolves (Forest:2)
  A vapour (Swamp:5)
  An item mimic (Snake:5)
  An orange demon (Snake:5)
  30 spiny frogs
  4 komodo dragons
  2 fire drakes
  16 naga magi
  An iron troll zombie (Vaults:3)
  A hell beast (Depths:1)
  11 blink frogs
  2 hydra zombies
  13 giant fireflies
  2 tengu conjurers (Vaults:3)
  5 wandering mushrooms (D:13)
  Grinder (D:3)
  9 guardian mummies
  26 yaktaurs
  9 deep elf priests
  A jumping spider (shapeshifter) (D:15)
  2 iron devils
  18 spriggans
  8 thorn lotuses
  Sonja (D:13)
  A polar bear (Lair:8)
  13 trolls
  A troll (shapeshifter) (Vaults:4)
  3 wind drakes
  7 giant leeches
  6 blue devils
  A slime creature (shapeshifter) (Vaults:3)
  5 boulder beetles
  An ettin zombie (Vaults:3)
  11 two-headed ogres
  5 bog bodies
  A trapdoor spider (D:15)
  A basilisk (shapeshifter) (Depths:1)
  A shadow (D:16)
  14 basilisks
  A wraith (D:14)
  3 grizzly bears
  A griffon skeleton (D:16)
  A ynoxinul (Elf:3)
  17 slime creatures
  A tarantella (shapeshifter) (D:13)
  16 water elementals
  9 redbacks
  An ettin skeleton (Vaults:3)
  4 air elementals (Forest:1)
  3 fire elementals (Snake:1)
  3 hill giant zombies
  A tarantella (Elf:1)
  21 deep elf magi
  A vampire (Vaults:1)
  2 wyverns
  63 ugly things
  5 hogs (Depths:1)
  7 hippogriffs
  2 hungry ghosts
  A spiny worm zombie (Vaults:1)
  Grum (D:12)
  38 vampire mosquitoes
  64 yaks
  26 deep elf fighters
  A hill giant skeleton (D:14)
  3 manticores
  A rock worm (Vaults:4)
  An agate snail zombie (Vaults:1)
  29 swamp worms
  A soldier ant (shapeshifter) (D:11)
  Edmund (D:9)
  2 deep troll zombies
  5 porcupines
  5 mottled dragons
  7 necrophages
  57 nagas
  34 wolves
  3 ice beasts
  3 sky beasts
  A hell hound (Snake:1)
  3 freezing wraiths (Vaults:3)
  2 deep troll skeletons (Vaults:3)
  11 swamp drakes
  7 black bears
  66 orc warriors
  A giant amoeba simulacrum (D:16)
  4 phantoms
  5 yellow wasps
  2 boring beetles
  9 giant goldfish
  28 ogres
  9 wargs
  4 big kobolds
  4 brain worms
  22 centaurs
  8 giant slugs
  10 crocodiles
  25 giant frogs
  20 water moccasins
  A gnoll sergeant (D:7)
  17 insubstantial wisps
  A wyvern zombie (D:7)
  8 agate snails
  A cyclops zombie (D:11)
  13 killer bees
  A boulder beetle zombie (D:16)
  3 eyes of draining
  A hippogriff zombie (D:12)
  6 wights
  An eye of draining (shapeshifter) (Vaults:4)
  11 jellyfish
  2 jellies (D:9)
  A hippogriff skeleton (D:7)
  3 centaur zombies
  A yellow wasp zombie (D:9)
  2 troll skeletons
  11 electric eels
  9 crimson imps
  A big fish (Swamp:2)
  5 goliath beetles
  39 orc priests
  15 hounds
  2 scorpions
  A warg skeleton (Orc:2)
  7 iguanas
  A quasit (D:10)
  A giant frog skeleton (D:8)
  38 orc wizards
  A troll simulacrum (D:14)
  6 worker ants
  2 orange rats (Lair:2)
  21 sheep
  A big kobold zombie (D:13)
  3 ogre zombies
  A hound zombie (D:7)
  10 boggarts
  A hound skeleton (D:9)
  6 mummies
  42 adders
  A worker ant zombie (D:10)
  16 giant centipedes
  4 white imps (IceCv)
  51 green rats
  2 inept feature mimics
  7 giant mites
  3 worms
  8 ufetubi (IceCv)
  2 giant centipede zombies
  An iguana zombie (D:6)
  12 grey rats (Sewer)
  6 giant geckos
  2 oozes
  205 orcs
  23 goblins
  20 hobgoblins
  17 jackals
  14 ball pythons
  31 bats
  4 giant cockroaches
  11 giant newts
  3 giant spores
  A gnoll simulacrum (Orc:2)
  A goblin simulacrum (Orc:2)
  A hobgoblin skeleton (D:9)
  39 kobolds
  A kobold skeleton (D:7)
  An orc simulacrum (Orc:2)
  An orc skeleton (Orc:2)
  2 orc zombies
  5 quokkas
  34 rats
  A rat skeleton (D:6)
  7 ballistomycetes
  A bush (Vaults:3)
  A butterfly (Forest:1)
  A fungus (D:9)
  3 plants
  5 snaplasher vines (Forest:1)
2287 creatures vanquished.

Vanquished Creatures (collateral kills)
  the Lernaean hydra (Swamp:5)
  A hydra (Swamp:5)
  2 swamp dragons (Swamp:5)
  A swamp drake (Swamp:5)
5 creatures vanquished.

Vanquished Creatures (others)
  A frost giant skeleton (Vaults:1)
  2 hydra zombies (Swamp:5)
  A fire vortex (Forest:1)
  2 swamp dragon zombies (Swamp:5)
  2 orc warriors
  A human (D:2)
  4 vampire mosquito zombies (Swamp:5)
  An orc wizard (Depths:1)
  A water moccasin zombie (Swamp:5)
  3 white imps (IceCv)
  2 ufetubi (IceCv)
  An orc (Depths:1)
  2 bushes (Lair:8)
  14 fungi (Lair:8)
  28 plants
  105 snaplasher vine segments
170 creatures vanquished.

Grand Total: 2462 creatures vanquished

Notes
Turn   | Place    | Note
--------------------------------------------------------------
     0 | D:1      | Ololoev, the Deep Elf Conjurer, began the quest for the Orb.
     0 | D:1      | Reached XP level 1. HP: 10/10 MP: 4/4
   295 | D:1      | Reached XP level 2. HP: 13/15 MP: 5/7
   466 | D:1      | Learned a level 2 spell: Searing Ray
  1041 | D:2      | Reached XP level 3. HP: 19/19 MP: 4/11
  1227 | D:2      | Found an ancient bone altar of Kikubaaqudgha.
  1227 | D:2      | Noticed a human
  1232 | D:2      | Killed a human
  1525 | D:2      | Reached skill level 5 in Spellcasting
  1849 | D:2      | Reached XP level 4. HP: 24/24 MP: 4/15
  1968 | D:3      | Found a glowing drain.
  2085 | D:3      | Reached skill level 5 in Conjurations
  2228 | Sewer    | Entered a sewer
  2239 | Sewer    | Learned a level 4 spell: Iskenderun's Battlesphere
  2279 | Sewer    | Reached XP level 5. HP: 28/28 MP: 9/18
  2289 | Sewer    | Reached skill level 1 in Charms
  2972 | Sewer    | Noticed a giant frog
  2973 | Sewer    | Noticed a giant frog
  2977 | Sewer    | Reached skill level 5 in Charms
  2977 | Sewer    | Reached XP level 6. HP: 19/32 MP: 4/20
  2979 | Sewer    | Killed a giant frog
  2979 | Sewer    | Reached skill level 6 in Charms
  2982 | Sewer    | Killed a giant frog
  3313 | D:3      | Reached skill level 7 in Charms
  3541 | D:3      | Noticed Grinder
  3547 | D:3      | Killed Grinder
  3547 | D:3      | Reached skill level 9 in Charms
  3547 | D:3      | Reached XP level 7. HP: 36/36 MP: 14/22
  3839 | D:3      | Found a glowing silver altar of Zin.
  4331 | D:4      | Found a staircase to the Ecumenical Temple.
  4340 | Temple   | Entered the Ecumenical Temple
  4377 | Temple   | Became a worshipper of Vehumet
  4933 | D:5      | Entered Level 5 of the Dungeon
  5062 | D:5      | Reached XP level 8. HP: 34/41 MP: 20/25
  5290 | D:5      | Acquired Vehumet's first power
  5290 | D:5      | Offered knowledge of Sting by Vehumet.
  5702 | D:6      | Identified the Volume of Creative Dislocation (You found it on level 6 of the Dungeon)
  5890 | D:6      | Learned a level 4 spell: Iskenderun's Mystic Blast
  6433 | D:7      | Reached skill level 1 in Shields
  6527 | D:7      | Offered knowledge of Throw Frost by Vehumet.
  6624 | D:7      | Reached XP level 9. HP: 42/45 MP: 15/28
  7287 | D:8      | Reached skill level 10 in Conjurations
  7442 | D:8      | Offered knowledge of Stone Arrow by Vehumet.
  7759 | D:8      | Reached skill level 10 in Spellcasting
  8284 | D:9      | Acquired Vehumet's second power
  8291 | D:9      | Reached XP level 10. HP: 50/50 MP: 21/30
  8294 | D:9      | Reached skill level 11 in Conjurations
  8412 | D:9      | Found Freibub's Food Shoppe.
  8482 | D:9      | Found a staircase to the Lair.
  8490 | D:9      | Found Nats' Magic Scroll Boutique.
  8498 | D:9      | Bought a scroll of magic mapping for 42 gold pieces
  8498 | D:9      | Bought a scroll of identify for 24 gold pieces
  8498 | D:9      | Bought a scroll of amnesia for 66 gold pieces
  8498 | D:9      | Bought a scroll of identify for 24 gold pieces
  8498 | D:9      | Bought a scroll of identify for 24 gold pieces
  8537 | Lair:1   | Entered Level 1 of the Lair of Beasts
  8600 | D:9      | Offered knowledge of Airstrike by Vehumet.
  8891 | D:9      | Noticed a seven-headed hydra
  8896 | D:9      | Killed a seven-headed hydra
  8896 | D:9      | Reached skill level 12 in Spellcasting
  8924 | D:9      | Noticed a hill giant
  9074 | D:9      | Killed a hill giant
  9213 | D:9      | Acquired Vehumet's third power
  9255 | D:9      | Found Bocuiwo's Jewellery Emporium.
  9281 | D:9      | Found a snail-covered altar of Cheibriados.
  9573 | D:9      | Found Roirier's Distillery.
  9581 | D:9      | Found Piesmeve's Antique Weapon Boutique.
  9583 | D:9      | Offered knowledge of Mephitic Cloud by Vehumet.
  9588 | D:9      | Learned a level 3 spell: Mephitic Cloud
  9588 | D:9      | Bought a potion of agility for 37 gold pieces
  9588 | D:9      | Bought a potion of poison for 15 gold pieces
  9588 | D:9      | Bought a potion of restore abilities for 45 gold pieces
  9588 | D:9      | Bought a potion of brilliance for 37 gold pieces
  9588 | D:9      | Bought a potion of mutation for 45 gold pieces
  9649 | D:9      | Noticed Edmund
  9652 | D:9      | Killed Edmund
  9654 | D:9      | Found a staircase to the Orcish Mines.
  9727 | D:9      | Found a roughly hewn altar of Beogh.
 10054 | Lair:1   | Reached skill level 13 in Spellcasting
 10054 | Lair:1   | Reached XP level 11. HP: 54/54 MP: 31/33
 10124 | Lair:1   | Noticed a black mamba
 10129 | Lair:1   | Killed a black mamba
 10603 | Lair:1   | Learned a level 5 spell: Fireball
 10610 | Lair:1   | Learned a level 6 spell: Haste
 10852 | Lair:2   | Offered knowledge of Lee's Rapid Deconstruction by Vehumet.
 11057 | Lair:2   | Reached skill level 1 in Fire Magic
 11487 | Lair:2   | Reached skill level 5 in Fire Magic
 11862 | Lair:2   | Noticed a four-headed hydra
 11868 | Lair:2   | Killed a four-headed hydra
 12475 | Lair:3   | Found a staircase to the Snake Pit.
 12522 | Lair:3   | Upgraded the game from 0.14-a0-1076-gee4852e to 0.14-a0-1097-gc7db7fc
 12847 | Lair:3   | Noticed an eight-headed hydra
 12848 | Lair:3   | Noticed Fannar
 12852 | Lair:3   | Killed an eight-headed hydra
 12852 | Lair:3   | Reached skill level 10 in Fire Magic
 12852 | Lair:3   | Reached XP level 12. HP: 59/59 MP: 20/34
 12854 | Lair:3   | Killed Fannar
 13519 | Lair:4   | Learned a level 2 spell: Repel Missiles
 13522 | Lair:4   | Learned a level 2 spell: Swiftness
 13558 | Lair:4   | Offered knowledge of Delayed Fireball by Vehumet.
 13567 | Lair:4   | Learned a level 7 spell: Delayed Fireball
 13732 | Lair:4   | Noticed Erica
 13754 | Lair:4   | Killed Erica
 13997 | Lair:4   | Noticed motorbit's ghost (powerful DECj)
 14003 | Lair:4   | Killed motorbit's ghost
 14416 | Lair:5   | Found a blossoming altar of Fedhas.
 14459 | Lair:5   | Found a frozen archway.
 14522 | IceCv    | Entered an ice cave
 14947 | IceCv    | Reached skill level 14 in Fire Magic
 15129 | IceCv    | Reached XP level 13. HP: 29/63 MP: 15/36
 15132 | IceCv    | Noticed wojtek's ghost (powerful DrTm)
 15142 | IceCv    | Killed wojtek's ghost
 15828 | Lair:5   | Offered knowledge of Bolt of Fire by Vehumet.
 15842 | Lair:5   | Learned a level 6 spell: Bolt of Fire
 15910 | Lair:5   | Found a staircase to the Swamp.
 16132 | Lair:3   | Reached skill level 15 in Fire Magic
 16198 | Lair:1   | Gained mutation: You are partially covered in icy blue scales (AC +1). [potion of mutation]
 16198 | Lair:1   | Gained mutation: Your magical capacity is low (-10% MP). [potion of mutation]
 16198 | Lair:1   | Lost mutation: Your magical capacity is low (-10% MP). [potion of mutation]
 16199 | Lair:1   | Gained mutation: Your mind is acute. (Int +2) [potion of mutation]
 16199 | Lair:1   | Gained mutation: You tend to lose your temper in combat. [potion of mutation]
 16199 | Lair:1   | Gained mutation: You can spit poison. [potion of mutation]
 16206 | Lair:1   | Gained mutation: Your muscles are strong. (Str +2) [potion of beneficial mutation]
 16207 | Lair:1   | Gained mutation: You are robust (+10% HP). [potion of beneficial mutation]
 16455 | Lair:6   | Reached skill level 1 in Fighting
 16828 | Lair:7   | Got a transparent blowgun
 16845 | Lair:7   | Identified the cursed -1 blowgun of Capt {speed, Str+4} (You found it on level 7 of the Lair of Beasts)
 16845 | Lair:7   | Identified the cursed -1 blowgun of Capt {speed, Str+4} (You found it on level 7 of the Lair of Beasts)
 17426 | Lair:7   | Reached skill level 5 in Dodging
 17458 | Lair:7   | Got a shimmering crossbow
 17459 | Lair:7   | Identified the +7,+11 crossbow of Anger {velocity, MR+} (You found it on level 7 of the Lair of Beasts)
 17459 | Lair:7   | Identified the +7,+11 crossbow of Anger {velocity, MR+} (You found it on level 7 of the Lair of Beasts)
 17503 | Lair:8   | Entered Level 8 of the Lair of Beasts
 18126 | Lair:8   | Offered knowledge of Bolt of Draining by Vehumet.
 18886 | Lair:8   | Reached skill level 5 in Fighting
 19489 | Lair:8   | Reached XP level 14. HP: 83/83 MP: 8/36
 19750 | Lair:8   | Noticed a dire elephant
 19757 | Lair:8   | Killed a dire elephant
 19857 | Lair:8   | Identified the Tome of Ice
 19971 | Lair:8   | Offered knowledge of Orb of Destruction by Vehumet.
 20092 | Lair:4   | Learned a level 3 spell: Flight
 20940 | Orc:1    | Entered Level 1 of the Orcish Mines
 20978 | Orc:1    | Noticed Maurice
 21051 | Orc:1    | Killed Maurice
 21516 | Orc:2    | Noticed an orc warlord
 21528 | Orc:2    | Killed an orc warlord
 21528 | Orc:2    | Reached skill level 10 in Dodging
 21769 | Lair:1   | Learned a level 7 spell: Orb of Destruction
 22024 | Orc:2    | Noticed Josephine
 22027 | Orc:2    | Killed Josephine
 22536 | Orc:3    | Found a staircase to the Elven Halls.
 22539 | Orc:3    | Noticed Erolcha
 22542 | Orc:3    | Killed Erolcha
 22561 | Orc:3    | Noticed Nergalle
 22564 | Orc:3    | Killed Nergalle
 23005 | Orc:4    | Entered Level 4 of the Orcish Mines
 23010 | Orc:4    | Offered knowledge of Poison Arrow by Vehumet.
 23070 | Orc:4    | Found a burning altar of Makhleb.
 23304 | Orc:4    | Reached skill level 15 in Spellcasting
 23307 | Orc:4    | Noticed an orc warlord
 23563 | Orc:4    | Found a roughly hewn altar of Beogh.
 23573 | Orc:4    | Reached skill level 16 in Spellcasting
 23625 | Orc:4    | Learned a level 2 spell: Sublimation of Blood
 23784 | Orc:4    | Killed an orc warlord
 23852 | Orc:4    | Offered knowledge of Conjure Ball Lightning by Vehumet.
 23906 | Orc:4    | Found Kutiggou's General Store.
 23908 | Orc:4    | Found Wuesaf's Jewellery Boutique.
 23910 | Orc:4    | Found Mujadawk's Antique Weapon Shop.
 23910 | Orc:4    | Found Jaryevy's Antique Armour Boutique.
 23971 | Orc:4    | Found a burning altar of Makhleb.
 23983 | Orc:4    | Reached skill level 17 in Spellcasting
 24137 | Orc:4    | Bought a scroll of silence for 90 gold pieces
 24139 | Orc:4    | Bought an uncursed ring of see invisible for 240 gold pieces
 24160 | Orc:4    | Bought an uncursed amulet of conservation for 400 gold pieces
 24160 | Orc:4    | Bought a cursed ring of hunger for 32 gold pieces
 24160 | Orc:4    | Bought a +2 ring of dexterity for 120 gold pieces
 24160 | Orc:4    | Bought an uncursed amulet of rage for 640 gold pieces
 24468 | Elf:1    | Entered Level 1 of the Elven Halls
 24781 | Elf:1    | Reached XP level 15. HP: 90/90 MP: 37/39
 24859 | Elf:1    | Reached skill level 18 in Spellcasting
 25029 | Elf:1    | Found Uneve's Magical Wand Emporium.
 25364 | Elf:2    | Offered knowledge of Lehudib's Crystal Spear by Vehumet.
 25364 | Elf:2    | Offered knowledge of Fire Storm by Vehumet.
 25364 | Elf:2    | Offered knowledge of Shatter by Vehumet.
 25479 | Elf:2    | Reached skill level 19 in Spellcasting
 26372 | Elf:3    | Entered Level 3 of the Elven Halls
 26661 | Elf:3    | Reached skill level 20 in Spellcasting
 26811 | Elf:3    | Noticed a deep elf blademaster
 27028 | Elf:3    | Killed a deep elf blademaster
 27036 | Elf:3    | Reached skill level 21 in Spellcasting
 27042 | Elf:3    | Noticed a deep elf blademaster
 27357 | Elf:3    | Killed a deep elf blademaster
 27362 | Elf:3    | Got a twitching tin ring
 27403 | Elf:3    | Noticed a deep elf master archer
 27577 | D:10     | Entered Level 10 of the Dungeon
 27768 | D:10     | Reached XP level 16. HP: 96/96 MP: 29/42
 28482 | D:12     | Noticed Grum
 28490 | D:12     | Killed Grum
 28860 | D:13     | Reached skill level 10 in Charms
 29287 | D:13     | Noticed Sonja
 29296 | D:13     | Killed Sonja
 29431 | D:13     | Reached skill level 1 in Necromancy
 30118 | D:14     | Found Waptuj's Antique Weapon Shoppe.
 30198 | D:15     | Entered Level 15 of the Dungeon
 30648 | D:15     | Found a gate to the Vaults.
 30842 | D:16     | Entered Level 16 of the Dungeon
 30861 | D:16     | Reached skill level 22 in Spellcasting
 31132 | D:16     | Found a staircase to the Depths.
 31232 | Depths:1 | Entered Level 1 of the Depths
 31589 | Depths:1 | Found a gateway to Hell.
 31885 | Depths:1 | Noticed Kirke
 31896 | Depths:1 | Killed Kirke
 32568 | D:16     | Reached XP level 17. HP: 98/101 MP: 12/43
 32807 | D:16     | Reached skill level 15 in Conjurations
 33108 | Lair:1   | Learned a level 3 spell: Regeneration
 33113 | Lair:1   | Learned a level 4 spell: Animate Dead
 33131 | Lair:1   | Learned a level 7 spell: Ring of Flames
 33261 | Swamp:1  | Entered Level 1 of the Swamp
 34434 | Swamp:3  | Noticed Jorgrun
 34445 | Swamp:3  | Killed Jorgrun
 34448 | Swamp:3  | Noticed Snorg
 34776 | Swamp:3  | Killed Snorg
 35022 | Swamp:5  | Entered Level 5 of the Swamp
 36206 | Swamp:5  | Noticed the 27-headed Lernaean hydra
 36213 | Swamp:5  | Killed the 27-headed Lernaean hydra
 36380 | Swamp:5  | Got a decaying rune of Zot
 36789 | Lair:1   | Lost mutation: Your mind is acute. (Int +2) [potion of cure mutation]
 36789 | Lair:1   | Lost mutation: Your muscles are strong. (Str +2) [potion of cure mutation]
 36789 | Lair:1   | Lost mutation: You tend to lose your temper in combat. [potion of cure mutation]
 36790 | Lair:1   | Gained mutation: You are very robust (+20% HP). [potion of mutation]
 36790 | Lair:1   | Gained mutation: You are mostly covered in icy blue scales (AC +3, EV -1). [potion of mutation]
 36790 | Lair:1   | Gained mutation: Your vision is a little blurry. [potion of mutation]
 36791 | Lair:1   | Lost mutation: You can spit poison. [potion of cure mutation]
 36791 | Lair:1   | Lost mutation: You are mostly covered in icy blue scales (AC +3, EV -1). [potion of cure mutation]
 36791 | Lair:1   | Lost mutation: You are partially covered in icy blue scales (AC +1). [potion of cure mutation]
 36791 | Lair:1   | Lost mutation: Your vision is a little blurry. [potion of cure mutation]
 36791 | Lair:1   | Lost mutation: You are very robust (+20% HP). [potion of cure mutation]
 36856 | Snake:1  | Entered Level 1 of the Snake Pit
 37137 | Snake:1  | Noticed Azrael
 37145 | Snake:1  | Killed Azrael
 37464 | Snake:2  | Reached XP level 18. HP: 106/106 MP: 15/44
 37471 | Snake:2  | Found Midioci's Antique Armour Shop.
 37486 | Snake:2  | Bought a polished cloak for 150 gold pieces
 37490 | Snake:2  | Identified the +5 cloak "Tonepop" {rC+ Str+3 Acc+1 Stlth++} (You bought it in a shop on level 2 of the Snake Pit)
 37501 | Snake:2  | Noticed Agnes
 37506 | Snake:2  | Killed Agnes
 38266 | Snake:3  | Noticed Roxanne
 38854 | Snake:3  | Killed Roxanne
 39006 | Snake:3  | Learned a level 4 spell: Dig
 40741 | Snake:5  | Entered Level 5 of the Snake Pit
 40845 | Snake:5  | Noticed Lamia
 40859 | Snake:5  | Killed Lamia
 41443 | Snake:5  | Noticed Frances
 42767 | Snake:5  | Reached XP level 19. HP: 112/112 MP: 30/45
 43003 | Snake:5  | Got a serpentine rune of Zot
 43198 | Snake:3  | Gained mutation: You are clumsy. (Dex -2) [mutagenic glow]
 43236 | Snake:3  | Gained mutation: You digest meat inefficiently. [mutagenic glow]
 43350 | Lair:1   | Identified a scroll of acquirement
 43364 | Lair:1   | Gained mutation: You are partially covered in molten scales (AC +1). [potion of mutation]
 43364 | Lair:1   | Gained mutation: You have a pair of small horns on your head. [potion of mutation]
 43366 | Lair:1   | Lost mutation: You are clumsy. (Dex -2) [potion of cure mutation]
 43366 | Lair:1   | Lost mutation: You have a pair of small horns on your head. [potion of cure mutation]
 43366 | Lair:1   | Lost mutation: You are robust (+10% HP). [potion of cure mutation]
 43366 | Lair:1   | Lost mutation: You digest meat inefficiently. [potion of cure mutation]
 43634 | Vaults:1 | Entered Level 1 of the Vaults
 43968 | Vaults:1 | Found Iru Croq's Distillery.
 44859 | Vaults:2 | Noticed Mara
 44866 | Vaults:2 | Killed Mara
 45361 | Vaults:2 | Noticed Saint Roka
 45362 | Vaults:2 | Paralysed by an orc sorcerer for 4 turns
 45518 | Vaults:2 | Killed Saint Roka
 45991 | Vaults:2 | Noticed Frederick
 46011 | Vaults:2 | Killed Frederick
 46122 | Vaults:2 | Found Dylal's General Store.
 46159 | Vaults:2 | Bought a scroll of blinking for 82 gold pieces
 46209 | Vaults:2 | Noticed Xtahua
 46228 | Vaults:2 | Killed Xtahua
 46282 | Vaults:2 | Noticed Nikola
 46287 | Vaults:2 | Killed Nikola
 46289 | Vaults:2 | Reached XP level 20. HP: 108/108 MP: 33/45
 47086 | Vaults:3 | Gained mutation: You passively map a small area around you. [mutagenic meat]
 47319 | Vaults:3 | Found a staircase to the Enchanted Forest.
 48387 | Vaults:3 | Found a radiant altar of Vehumet.
 48394 | Vaults:3 | Got a smoking wizard hat
 48398 | Vaults:3 | Identified the cursed -5 wizard hat of Dainui {rPois Dex+3 Curse} (You found it on level 3 of the Vaults)
 48410 | Vaults:3 | Got a heavily jewelled robe
 48418 | Vaults:3 | Identified the +1 robe of Noon {Str+1 Dex+3 Int-1} (You found it on level 3 of the Vaults)
 48737 | Vaults:4 | Noticed Jory
 48742 | Vaults:4 | Killed Jory
 48878 | Vaults:4 | Found a staircase to the Hall of Blades.
 48878 | Vaults:4 | Noticed Boris
 48900 | Vaults:4 | Killed Boris
 49587 | Vaults:4 | Noticed Aizul
 49598 | Vaults:4 | Killed Aizul
 49770 | Vaults:4 | Reached XP level 21. HP: 112/112 MP: 32/46
 50084 | Vaults:4 | Learned a level 9 spell: Fire Storm
 50183 | Forest:1 | Entered Level 1 of the Enchanted Forest
 50568 | Forest:1 | Reached skill level 23 in Fire Magic
 52211 | Forest:2 | Found a staircase to the Tomb.
 53471 | Forest:5 | Entered Level 5 of the Enchanted Forest
 53550 | Forest:5 | Slain by a spriggan enchanter

Action                   |  1- 3 |  4- 6 |  7- 9 | 10-12 | 13-15 | 16-18 | 19-21 || total
-------------------------+-------+-------+-------+-------+-------+-------+-------++-------
Melee: Unarmed           |     2 |     2 |     1 |       |       |       |       ||     5
       War axe           |       |       |     8 |       |       |       |       ||     8
       Staff             |       |       |       |     2 |     4 |     5 |       ||    11
Throw: Dart              |       |       |     1 |       |       |       |       ||     1
 Cast: Magic Dart        |    70 |   123 |   157 |   295 |   500 |   472 |   252 ||  1869
       Searing Ray       |     8 |    10 |    31 |    47 |    33 |       |       ||   129
       Iskenderun's Batt |       |    11 |    48 |    95 |   195 |   256 |   191 ||   796
       Iskenderun's Myst |       |       |    17 |    71 |   135 |   453 |   267 ||   943
       Mephitic Cloud    |       |       |       |     7 |       |       |       ||     7
       Fireball          |       |       |       |    27 |    78 |   147 |   133 ||   385
       Haste             |       |       |       |     8 |    19 |    40 |    25 ||    92
       Swiftness         |       |       |       |    15 |   174 |   192 |   160 ||   541
       Delayed Fireball  |       |       |       |     3 |     7 |    12 |     3 ||    25
       Bolt of Fire      |       |       |       |       |    82 |   106 |   214 ||   402
       Sublimation of Bl |       |       |       |       |    35 |   291 |   345 ||   671
       Flight            |       |       |       |       |     4 |       |       ||     4
       Repel Missiles    |       |       |       |       |    29 |    45 |   117 ||   191
       Orb of Destructio |       |       |       |       |       |    14 |    15 ||    29
       Regeneration      |       |       |       |       |       |    19 |    47 ||    66
       Animate Dead      |       |       |       |       |       |     2 |     2 ||     4
       Dig               |       |       |       |       |       |     6 |       ||     6
       Ring of Flames    |       |       |       |       |       |       |     2 ||     2
       Fire Storm        |       |       |       |       |       |       |     4 ||     4
 Abil: Release Delayed F |       |       |       |     2 |     7 |    12 |     3 ||    24
       Evoke Jump Attack |       |       |       |       |       |     1 |       ||     1
Evoke: Wand              |       |       |     3 |     2 |     8 |     6 |     1 ||    20
       stone of tremors  |       |       |       |       |       |     1 |       ||     1
       box of beasts     |       |       |       |       |       |     1 |       ||     1
  Use: Potion            |       |       |     1 |     6 |     9 |     7 |     6 ||    29
       Scroll            |       |       |    16 |    14 |    16 |     7 |    11 ||    64
